Ben, chaotic male elven Wizard -------- |......-# |......|################ |......|# ---------# |...>..|### #........|# |......|# # #|.......|# |......|# ####|..<....|# -.------# ##|.......|# ## # ##........|# # ###---------######## # # # ---.-- # ### |....| # # |....| ------------|--- ##-....| |..............| |....| |............... |....| +.$.....@......| ------ ---------------- Ben the Thaumaturge Experience level: 6 Strength: 6 Dexterity: 17 Constitution: 16 Intelligence: 14 Wisdom: 10 Charisma: 10 Health: 36(40) Energy: 75(75) AC: 9 Gold: 162 Moves: 1390 Your Inventory: Coins $ - 162 gold pieces Amulets A - an [uncursed] square amulet [versus poison] Weapons a - a blessed +1 quarterstaff (weapon in hands) Armor b - an uncursed +0 cloak of magic resistance (being worn) y - an [uncursed +0] scale mail Scrolls i - an uncursed scroll of enchant armor j - an uncursed scroll of enchant weapon k - an uncursed scroll of scare monster t - an [uncursed] scroll labeled FOOBIE BLETCH [of remove curse] u - a [blessed] scroll labeled VENZAR BORGAVVE [of gold detection] v - a [cursed] scroll labeled PRATYAVAYAH [of identify] x - an [uncursed] scroll labeled LOREN IPSUM [of teleportation] Spellbooks l - a blessed spellbook of force bolt m - an uncursed spellbook of slow monster w - an [uncursed] ragged spellbook [of cause fear] Potions g - an uncursed potion of extra healing h - an uncursed potion of blindness o - an [uncursed] sky blue potion [of confusion] p - a [blessed] amber potion [of full healing] Rings d - an uncursed ring of conflict e - an uncursed +1 ring of gain wisdom (on right hand) Wands c - an uncursed wand of cold (0:3) z - an [uncursed] ebony wand [of magic missile (0:6)] Tools n - an uncursed tooled horn Gems q - an [uncursed] yellow gem [worthless glass] Spells known in the end: Name Level Category Fail Memory a - force bolt 1 attack 0% [||||||||] b - slow monster 2 enchantment 0% [||||||||] Your skills at the end: Fighting Skills Weapon Skills quarterstaff [Basic / Expert] Spellcasting Skills attack spells [Basic / Expert] enchantment spells [Basic / Skilled] Final Attributes: You had sinned. Hunger level was -88. Your alignment was -6 / 16. Monster difficulty range was 0 - 4. Level difficulty was 3. You were immune to sleep. You were magic-protected. You saw invisible. You had infravision. You were lucky (1). You survived. Vanquished creatures: a water demon a floating eye a homunculus a hobbit 2 geckos a kobold a sewer rat 2 grid bugs 2 lichens 3 kobold zombies 2 newts 17 creatures vanquished. Voluntary challenges: You were an atheist. You used a wielded weapon 17 times. You read items or engraved 3 times. You put on armor 1 time. You never genocided any monsters. You never polymorphed an object. You never changed form. You used no wishes. You never wrote Elbereth's name. You never encountered a bones level. You never used any Sokoban shortcuts. Dungeon overview: The Dungeons of Doom: levels 1 to 3 Level 1 a long staircase Level 2 a sink Level 3 <- You were here a long staircase History has recorded: On T:1 you entered the Dungeons of Doom to retrieve the Amulet of Yendor! On T:480 you reached level 2 of The Dungeons of Doom. On T:538 you reached level 3 of The Dungeons of Doom. On T:542 you advanced to experience level 2. On T:733 you advanced to experience level 3. On T:753 you advanced to experience level 4. On T:778 you advanced to experience level 5. On T:962 you advanced to experience level 6. Latest messages: You regain consciousness. [21 turns] You see here a homunculus corpse. You faint from lack of food. You regain consciousness. [24 turns] Ecch - that must have been poisonous! Your movements are slowed slightly because of your load. This homunculus corpse tastes terrible! [HP-7=33] You finish eating the homunculus corpse. [5 turns] You faint from lack of food. [HP+1=34] [HP+1=35] [HP+1=36] You regain consciousness. [17 turns] Final status: Goodbye Ben the Wizard... You quit in The Dungeons of Doom on dungeon level 3 with 1202 points, and 162 pieces of gold, after 1390 moves. You were level 6 with a maximum of 40 hit points when you quit.